 Dungeon Crawl Stone Soup version 0.31-a0-175-g9f7f995f2b (webtiles) character file.

Game seed: 16800340610870991386

2 pokeman the Magician (level 1, -1/10 HPs)
             Began as a Deep Elf Hedge Wizard on June 17, 2023.
             Slain by a gnoll
             ... wielding a +0 club
              (4 damage)
             ... on level 1 of the Dungeon.
             The game lasted 00:00:54 (214 turns).

pokeman the Magician (Deep Elf Hedge Wizard)         Turns: 214, Time: 00:00:55

Health: -1/10      AC:  2    Str:  7    XL:     1   Next: 25%
Magic:  0/7        EV: 12    Int: 18    God:
Gold:   5          SH:  0    Dex: 14    Spells: 7/8 levels left

rFire   . . .        g - +1 dagger (drain)
rCold   . . .        (no shield)
rNeg    . . .        b - +0 robe
rPois   .            c - +0 hat
rElec   .            (no cloak)
rCorr   .            (no gloves)
SInv    .            (no boots)
Will    .....        (no amulet)
Stlth   ++           (no ring)
HPRegen 0.21/turn    (no ring)
MPRegen 0.10/turn

%: no passive effects
@: very slightly contaminated
A: no striking features
a: no special abilities


You were on level 1 of the Dungeon.
You visited 1 branch of the dungeon, and saw 1 of its levels.

You collected 5 gold pieces.

Inventory:

Hand Weapons
 g - a +1 dagger of draining (weapon)
Missiles
 e - 3 curare-tipped darts
Armour
 b - a +0 robe (worn)
 c - a +0 hat (worn)
Scrolls
 a - a scroll of blinking {unknown}
 f - 3 scrolls of identify {unknown}
Potions
 d - a potion of magic


   Skills:
 + Level 0.0 Fighting
 + Level 0.0 Armour
 - Level 2.4 Dodging
 - Level 2.4 Stealth
 * Level 4.4 Spellcasting
 + Level 1.1 Conjurations
 - Level 1.1 Summonings
 - Level 1.1 Translocations


You had 7 spell levels left.
You knew the following spells:

 Your Spells              Type           Power      Damage    Failure   Level
a - Magic Dart            Conj           32%        1d4       9%          1

Your spell library contained the following spells:

 Spells                   Type           Power      Damage    Failure   Level
 Slow                     Hex            16%        N/A       14%         1
 Blink                    Tloc           16%        N/A       14%         2
 Call Imp                 Summ           16%        N/A       14%         2
 Cigotuvi's Dreadful Rot  Necr/Pois/Air  8%         N/A       22%         2
 Mephitic Cloud           Conj/Pois/Air  5%         N/A       34%         3


Dungeon Overview and Level Annotations

Branches:
Dungeon (1/15)

Altars:


Message History

Aiming: Magic Dart (safe; 9% risk of failure)
Press: ? - help, Shift-Dir - straight line, f/p - gnoll
Aim: a gnoll, wielding a +0 club (moderately wounded, 100% to hit)
The magic dart hits the gnoll.
The gnoll is heavily wounded.
Casting: Magic Dart (safe; 9% risk of failure)
Confirm with . or Enter, or press ? or * to list all spells.
Aiming: Magic Dart (safe; 9% risk of failure)
Press: ? - help, Shift-Dir - straight line, f/p - gnoll
Aim: a gnoll, wielding a +0 club (heavily wounded, 100% to hit)
The magic dart hits the gnoll but does no damage.
The gnoll is heavily wounded.
The gnoll misses you.
Casting: Magic Dart (safe; 9% risk of failure)
Confirm with . or Enter, or press ? or * to list all spells.
Aiming: Magic Dart (safe; 9% risk of failure)
Press: ? - help, Shift-Dir - straight line, f/p - gnoll
Aim: a gnoll, wielding a +0 club (heavily wounded, 100% to hit)
You miscast Magic Dart.
You are very lightly contaminated with residual magic.
Nothing appears to happen.
The gnoll hits you with a +0 club.
Casting: Magic Dart (safe; 9% risk of failure)
Confirm with . or Enter, or press ? or * to list all spells.
Aiming: Magic Dart (safe; 9% risk of failure)
Press: ? - help, Shift-Dir - straight line, f/p - gnoll
Aim: a gnoll, wielding a +0 club (heavily wounded, 100% to hit)
The magic dart hits the gnoll.
The gnoll is severely wounded.
The gnoll hits you with a +0 club.
Ouch! That really hurt!
* * * LOW HITPOINT WARNING * * *
Casting: Magic Dart (safe; 9% risk of failure)
Confirm with . or Enter, or press ? or * to list all spells.
Aiming: Magic Dart (safe; 9% risk of failure)
Press: ? - help, Shift-Dir - straight line, f/p - gnoll
Aim: a gnoll, wielding a +0 club (severely wounded, 100% to hit)
The magic dart hits the gnoll.
The gnoll is almost dead.
The gnoll hits you with a +0 club.
You die...

#.# #.# #.# #.# #.# ####### #.#
#.....# #.#
#.....########.############
.####..)......@g...†....(......
...........#######.############
..........## #.# #.....###'##
#.# #.######..# #.#
#.###....### #.# #.>........#
#.# #.......##.# #.#
#.......##..## #.#


You could see a gnoll.

Vanquished Creatures
  A hobgoblin (D:1)
  A rat (D:1)
2 creatures vanquished.

Notes
Turn   | Place    | Note
-------+----------+-------------------------------------------
     0 | D:1      | pokeman the Deep Elf Hedge Wizard began the quest for the
                  | Orb.
     0 | D:1      | Reached XP level 1. HP: 10/10 MP: 7/7
     2 | D:1      | Noticed a spriggan
     2 | D:1      | Noticed a felid
     4 | D:1      | Noticed a ghoul
     4 | D:1      | Noticed a human
     6 | D:1      | Noticed an elf
     6 | D:1      | Noticed a troll
     8 | D:1      | Noticed a demigod
     8 | D:1      | Noticed an octopode
    12 | D:1      | Noticed a meteoran
    14 | D:1      | Noticed a demonspawn
    14 | D:1      | Noticed a draconian
    16 | D:1      | Noticed a vine stalker
    16 | D:1      | Noticed a gargoyle
    18 | D:1      | Noticed a naga
    18 | D:1      | Noticed a merfolk
    20 | D:1      | Noticed a minotaur
    20 | D:1      | Noticed a formicid
    22 | D:1      | Noticed an armataur
    22 | D:1      | Noticed a tengu
    24 | D:1      | Noticed a vampire
    24 | D:1      | Noticed a naga
    26 | D:1      | Noticed a draconian
    26 | D:1      | Noticed a demonspawn
   214 | D:1      | Slain by a gnoll

Illustrated notes

Levels and vault maps discovered:
D:1:      kb_arrival_jail, layout_basic

Action                     || total
---------------------------++-------
   Cast: Magic Dart        ||    11
  Dodge: Dodged            ||     1

Table legend: (Time is in decaauts)
 A = Elapsed time spent in this place.
 B = Non-inter-level travel time spent in this place.
 C = Inter-level travel time spent in this place.
 D = Time resting spent in this place.
 E = Time spent auto-exploring this place.
 F = Levels seen in this place.
 G = Mean time per level.
                   A        B        C        D        E       F      G
               +--------+--------+--------+--------+--------+-----+--------+
         Total |    213 |    213 |      0 |      0 |    149 |   1 |  213.0 |
       Dungeon |    213 |    213 |      0 |      0 |    149 |   1 |  213.0 |
               +--------+--------+--------+--------+--------+-----+--------+

Top non-repeatable levels by time:
     D:1: 213 daAuts
